 Dungeon Crawl Stone Soup version 0.30-a0-622-gddc90eaa04 (webtiles) character file.

Game seed: 15870551403374116365

4 wormed the Transmogrifier (level 1, 0/13 HPs)
             Began as a Gnoll Wanderer on Jan 11, 2023.
             Slain by a jackal (2 damage)
             ... on level 1 of the Dungeon.
             The game lasted 00:01:08 (63 turns).

wormed the Transmogrifier (Gnoll Wanderer)            Turns: 63, Time: 00:01:09

Health: 0/13       AC:  3    Str: 10    XL:     1   Next: 60%
Magic:  4/4        EV: 11    Int: 12    God:
Gold:   0          SH:  0    Dex: 11    Spells: 5/5 levels left

rFire   . . .      SeeInvis .    a - +0 dagger
rCold   . . .      Faith    .    (no shield)
rNeg    . . .      Spirit   .    c - +0 robe
rPois   .          Reflect  .    (no helmet)
rElec   .          Harm     .    (no cloak)
rCorr   .          Rampage  .    d - +0 pair of gloves
Will    .....                    (no boots)
Stlth   ++                       (no amulet)
HPRegen 0.22/turn                (no ring)
MPRegen 0.09/turn                (no ring)

@: no status effects
A: fangs 1, strong nose, distributed training
a: no special abilities


You were on level 1 of the Dungeon.
You visited 1 branch of the dungeon, and saw 1 of its levels.

Inventory:

Hand Weapons
 a - a +0 dagger (weapon)
Armour
 c - a +0 robe (worn)
 d - a +0 pair of gloves (worn)
Scrolls
 e - a scroll of enchant weapon {unknown}


   Skills:
 + Level 0.1 Fighting
 + Level 0.1 Short Blades
 + Level 0.1 Long Blades
 + Level 0.1 Axes
 + Level 0.1 Maces & Flails
 + Level 0.1 Polearms
 + Level 0.1 Staves
 + Level 0.1 Ranged Weapons
 + Level 0.1 Throwing
 + Level 0.1 Armour
 + Level 0.1 Dodging
 + Level 4.0 Stealth
 + Level 0.1 Shields
 + Level 0.1 Unarmed Combat
 + Level 2.6 Spellcasting
 + Level 0.1 Conjurations
 + Level 0.1 Hexes
 + Level 0.1 Summonings
 + Level 0.1 Necromancy
 + Level 0.1 Translocations
 + Level 8.7 Transmutations
 + Level 0.1 Fire Magic
 + Level 3.6 Ice Magic
 + Level 0.1 Air Magic
 + Level 0.1 Earth Magic
 + Level 0.1 Poison Magic
 + Level 0.2 Invocations
 + Level 0.1 Evocations


You had 5 spell levels left.
You didn't know any spells.
Your spell library contained the following spells:

 Spells                   Type           Power      Damage    Failure   Level
 Sting                    Tmut/Pois      48%        1d5       4%          1
 Freeze                   Ice            40%        1d6       6%          1
 Spider Form              Tmut/Pois      12%        N/A       12%         3
 Frozen Ramparts          Ice            20%        1d4       17%         3
 Petrify                  Tmut/Erth      12%        N/A       38%         4


Dungeon Overview and Level Annotations

Branches:
Dungeon (1/15)

Altars:


Innate Abilities, Weirdness & Mutations

You have very sharp teeth.
Your uncanny sense of smell can sniff out nearby items.
Your experience applies equally to all skills.


Message History

The jackal is severely wounded.
The jackal bites you.
* * * LOW HITPOINT WARNING * * *
You barely miss the jackal. Your bite misses the jackal.
The jackal is severely wounded.
The jackal closely misses you. x2
You hit the jackal.
You kill the jackal!
You hit the jackal but do no damage.
The jackal bites you but does no damage.
You barely miss the jackal.
The jackal bites you but does no damage.
The jackal closely misses you.
You barely miss the jackal.
The jackal bites you but does no damage.
You barely miss the jackal. You bite the jackal, but do no damage.
The jackal bites you but does no damage.
The jackal closely misses you.
You completely miss the jackal. The jackal misses you.
You hit the jackal but do no damage. The jackal bites you.
* * * LOW HITPOINT WARNING * * *
You completely miss the jackal. The jackal bites you.
* * * LOW HITPOINT WARNING * * *
The jackal completely misses you.
As you read the scroll of fear, it crumbles to dust.
You assume a fearsome visage.
The jackal looks frightened!
The goblin looks frightened!
The kobold looks frightened!
The hobgoblin looks frightened!
The kobold hums to itself desperately, trying to keep calm.
Cornered, the jackal turns to fight!
The jackal attacks as you move away!
The jackal bites you but does no damage.
The jackal closely misses you. The jackal attacks as you move away!
The jackal barely misses you.
A hobgoblin comes into view.
The jackal bites you.
* * * LOW HITPOINT WARNING * * *
The hobgoblin shouts!
The jackal bites you.
You die...

#. ....... ##.## ##.##
....... ...# .... .....
#..###..# #..?# ... ...#
#...# #.# #..# #...#
#####.###..###
##...###............#
.#....†......#.h@g..#
#..#########.#......#
#.$...................#
#............#......#...
K#.....<.....#......# ##
....................#
.#...........########
g..#########.#
.............#


You could see a jackal and a hobgoblin.

Vanquished Creatures
  A hobgoblin (D:1)
  2 jackals (D:1)
3 creatures vanquished.

Notes
Turn   | Place    | Note
-------+----------+-------------------------------------------
     0 | D:1      | wormed the Gnoll Wanderer began the quest for the Orb.
     0 | D:1      | wormed set off with the following items: a +0 dagger, a
                  | scroll of fear, a +0 robe, a +0 pair of gloves; and the
                  | following spells available to memorise: Sting, Freeze,
                  | Spider Form, Frozen Ramparts, Petrify.
     0 | D:1      | Reached XP level 1. HP: 13/13 MP: 4/4
    63 | D:1      | Slain by a jackal

Illustrated notes

Levels and vault maps discovered:
D:1:      minmay_arrival_semitransparent, layout_loops_cross

Action                   || total
-------------------------++-------
Melee: Dagger            ||    35
       Bite              ||     2
  Use: Scroll            ||     1
Armor: Robe              ||    15
Dodge: Dodged            ||    21

Table legend: (Time is in decaauts)
 A = Elapsed time spent in this place.
 B = Non-inter-level travel time spent in this place.
 C = Inter-level travel time spent in this place.
 D = Time resting spent in this place.
 E = Time spent auto-exploring this place.
 F = Levels seen in this place.
 G = Mean time per level.
                   A        B        C        D        E       F      G
               +--------+--------+--------+--------+--------+-----+--------+
         Total |     63 |     63 |      0 |      0 |      6 |   1 |   63.0 |
       Dungeon |     63 |     63 |      0 |      0 |      6 |   1 |   63.0 |
               +--------+--------+--------+--------+--------+-----+--------+

Top non-repeatable levels by time:
     D:1: 63 daAuts
